 Dungeon Crawl Stone Soup version 0.28.0 (webtiles) character file.

Game seed: 5900940528902475819

51713 Dazliare the Warrior (level 15, -12/120 HPs)
             Began as a Djinni Summoner on Feb 6, 2022.
             Was a High Priest of Makhleb.
             Killed from afar by Jorgrun (35 damage)
             ... with an iron shot
             ... on level 2 of the Orcish Mines.
             The game lasted 00:49:24 (25148 turns).

Dazliare the Warrior (Djinni Summoner)             Turns: 25148, Time: 00:49:24

Health: -12/120    AC: 13    Str:  7    XL:     15   Next: 3%
Gold:   1596       EV: 12    Int: 23    God:    Makhleb [*****.] SH: 10 Dex: 15

rFire   + + +      SeeInvis +   l - +7 Throatcutter {drain, coup de grace}
rCold   + + .      Faith    .   h - +0 buckler
rNeg    . . .      Spirit   .   M - +4 skin of Zhor {*Englaciate rC+++ SInv}
rPois   ∞          Reflect  +   (no helmet)
rElec   .          Harm     .   r - +2 cloak {Will+}
rCorr   .          Rampage  .   (no gloves)
Will    ++...                   (boots unavailable)
Stlth   ++........              a - amulet of reflection
HPRegen 0.30/turn               L - +4 ring of protection
MPRegen 0.00/turn               w - ring of protection from fire

@: death channelling, grasped by roots, flying, very slightly contaminated,
constricted
A: sickness immunity, fire resistance 2, cold vulnerability 1, float, innate
caster, HP casting, extra vitality 1
a: Renounce Religion, Minor Destruction, Lesser Servant of Makhleb, Major
Destruction, Greater Servant of Makhleb


You were on level 2 of the Orcish Mines.
You worshipped Makhleb.
Makhleb was extremely pleased with you.
You visited 3 branches of the dungeon, and saw 19 of its levels.

You collected 1596 gold pieces.

Inventory:

Hand Weapons
 e - a +1 dagger of venom
 l - the +7 Throatcutter (weapon) {drain, coup de grace}
   (You took it off Terence on level 2 of the Dungeon)

   A truly terrible weapon, it drains the life of any living foe it strikes.
   It may instantly kill foes which have little health.
Missiles
 b - 397 stones (quivered)
Armour
 h - a +0 buckler (worn)
 r - a +2 cloak of willpower (worn)
 M - the +4 skin of Zhor (worn) {*Englaciate rC+++ SInv}
   (You found it on level 1 of the Lair of Beasts)

   It radiates cold, occasionally slowing all nearby creatures who are not
   resistant to cold.
   rC:        It renders you almost immune to cold.
   SInv:      It lets you see invisible.
Jewellery
 a - an amulet of reflection (around neck)
 c - a ring of ice
 q - a ring of protection from cold
 w - a ring of protection from fire (right hand)
 J - an amulet of the acrobat
 L - a +4 ring of protection (left hand)
 O - a +4 ring of protection
Wands
 m - a wand of flame (4)
 s - a wand of paralysis (11)
 y - a wand of mindburst (2)
 E - a wand of iceblast (7)
 G - a wand of charming (7)
 I - a wand of acid (5)
 K - a wand of polymorph (11)
Scrolls
 g - 2 scrolls of magic mapping
 j - 4 scrolls of teleportation
 k - 2 scrolls of fear
 n - a scroll of summoning
 p - a scroll of silence
 t - 2 scrolls of immolation
 u - a scroll of holy word
 x - a scroll of vulnerability
 A - 5 scrolls of fog
 F - a scroll of torment
 P - a scroll of brand weapon {unknown}
 Q - a scroll of blinking {unknown}
Potions
 d - 5 potions of lignification
 f - a potion of mutation
 i - 5 potions of curing {@q1}
 o - a potion of resistance
 v - a potion of heal wounds
 z - 2 potions of might
 B - 2 potions of haste
 C - 2 potions of brilliance
 D - 3 potions of attraction
 H - 2 potions of invisibility
 N - 2 potions of berserk rage {unknown}


   Skills:
 - Level 15.4 Fighting
 - Level 11.5 Long Blades
 - Level 5.0 Armour
 + Level 7.0 Dodging
 - Level 1.5 Stealth
 - Level 3.0 Shields
 - Level 9.0 Spellcasting
 - Level 8.0 Invocations


You couldn't memorise any spells.
You knew the following spells:

 Your Spells              Type           Power      Damage    Failure   Level
a - Summon Small Mammal   Summ           100%       N/A       1%          1
b - Call Imp              Summ           51%        N/A       1%          2
c - Call Canine Familiar  Summ           51%        N/A       1%          3
d - Summon Guardian Gole  Hex/Summ       51%        N/A       1%          3
e - Summon Lightning Spi  Summ/Air       51%        N/A       1%          4
f - Magic Dart            Conj           100%       1d8       1%          1
g - Searing Ray           Conj           100%       2d8       1%          2
h - Ozocubu's Armour      Ice            51%        N/A       1%          3
i - Lesser Beckoning      Tloc           51%        N/A       1%          3
j - Passage of Golubria   Tloc           51%        N/A       1%          4
k - Borgnjor's Vile Clut  Necr/Erth      25%        N/A       5%          5
l - Death Channel         Necr           25%        N/A       30%         6
Your spell library was empty.

Dungeon Overview and Level Annotations

Branches:
Dungeon (11/15)            Temple (0/1) D:7            Lair (6/6) D:9
  Swamp (0/4) Lair:3        Snake (0/4) Lair:4        Slime (0/5) Lair:5
    Orc (2/2) D:10
    Elf: Orc:2

Altars:
Cheibriados
Kikubaaqudgha
Makhleb
Ru
Vehumet
Wu Jian
Xom
Yredelemnul
The Shining One

Annotations:
D:1 exclusion: downstairs
D:6 1 runed translucent door, Sharkman1231's ghost, novice DsTm
D:10 2 transporters
Lair:1 exclusion: oklob plant
Lair:4 1 runed translucent door, Aricsoirch's ghost, journeyman GrFi
Lair:5 exclusion: 2 oklob plants
Orc:2 Jorgrun; Josephine


Innate Abilities, Weirdness & Mutations

You are immune to sickness and miasma.
You are immune to poison.
Your flesh is very heat resistant. (rF++)
You are vulnerable to cold. (rC-)
You float through the air rather than walking.
You learn spells naturally, not from books.
Your magical power is your life essence.
You have superior vitality. (+4 MHP)


Message History

You are very lightly contaminated with residual magic.
Nothing appears to happen.
* * * LOW HITPOINT WARNING * * *
The zombie hands constrict the orc!
You kill the orc!
Makhleb accepts your kill.
Your spectral warg closely misses Jorgrun.
A glowing mist starts to gather...
Your wolf closely misses Jorgrun.
Your spectral orc completely misses Jorgrun.
The orc priest hits your spectral orc priest with a +0 club.
A wraith comes into view.
Josephine screams, "Die!"
Your spectral orc priest barely misses Jorgrun.
Jorgrun barely misses your wolf. The grasping roots constrict you!
* * * LOW HITPOINT WARNING * * *
A wraith comes into view.
Your spectral orc priest completely misses the orc priest.
Your spectral orc hits the orc.
The roots' grasp on you weakens, but your attempt to escape fails.
You radiate an aura of cold.
Your wolf seems to slow down.
Your spectral orc is unaffected.
Your lightning spire is unaffected.
Your spectral warg is unaffected.
Your spectral orc is unaffected.
Jorgrun is unaffected.
The orc warrior seems to slow down.
Your spectral orc priest is unaffected. x3
The orc seems to slow down.
The orc priest seems to slow down.
Your spectral orc is unaffected.
Your spectral orc priest is unaffected.
The orc seems to slow down.
The wraith is unaffected.
The orc warrior seems to slow down.
The orc priest seems to slow down.
The wraith is unaffected. x2; Josephine seems to slow down.
The wraith is unaffected.
Your spectral orc is unaffected.
The wraith is unaffected.
Your spectral warg misses Jorgrun.
Your wolf bites Jorgrun.
Your spectral orc closely misses Jorgrun.
The orc warrior barely misses your spectral orc priest.
Your spectral orc priest misses Jorgrun.
Jorgrun points at you and mumbles some strange words.
The iron shot misses your wolf. The iron shot hits you!!
You die...

##...W.W.Z.....
#.....@).......
#..oo)W.......
##..WZZWoo.$#..
#....oZZZ......
##...ogZZ......
#.....Zh.......
#.....@.......
##......8.....
#.............
#..............
##.............
#..............
#...........$..
#..............


You could see Jorgrun (ally target), Josephine (slow), 5 wraiths, 2 orc
warriors, 2 orc priests, 2 orcs, a friendly spectral warg, 4 friendly spectral
orcs, 4 friendly spectral orc priests, a friendly wolf (summoned, slow) and a
friendly lightning spire (summoned).

Vanquished Creatures
  A fire dragon (Lair:6)
  2 hydras
  A catoblepas (Lair:4)
  3 death yaks (Lair:5)
  Urug (Orc:1)
  2 swamp dragons
  A lindwurm (Lair:4)
  An orc knight (Orc:1)
  A deep elf zephyrmancer (D:7)
  A wolf spider (Lair:6)
  6 black mambas
  5 elephants (Lair:6)
  A torpor snail (Lair:1)
  11 cane toads
  Psyche (D:9)
  5 rime drakes
  8 komodo dragons
  4 polar bears
  2 hornets
  16 blink frogs
  A raiju (Lair:3)
  A centaur simulacrum (D:10)
  3 shadows (D:10)
  A wraith (D:5)
  11 wyverns
  4 basilisks
  29 yaks
  2 redbacks (Lair:6)
  A steam dragon (Lair:6)
  Menkaure (D:4)
  2 vampire mosquitoes (D:10)
  A warg (Orc:2)
  19 water moccasins
  An acid dragon (Lair:6)
  Duvessa (D:7)
  4 orc warriors (Orc:1)
  A sky beast (D:7)
  3 ice beasts
  4 ogres
  A necrophage (D:4)
  2 black bears
  2 swamp drakes (Lair:6)
  4 wolves (Lair:1)
  5 centaurs
  2 lemures (D:7)
  2 phantoms (D:5)
  A kobold brigand (D:9)
  11 bullfrogs
  A gnoll sergeant (D:7)
  Dowan (D:7)
  7 killer bees
  A water moccasin skeleton (D:6)
  7 wights
  6 howler monkeys
  An electric eel (Lair:2)
  4 centaur zombies
  A bullfrog zombie (D:6)
  4 hounds
  3 orc priests (Orc:1)
  2 centaur skeletons
  A jelly (D:6)
  5 iguanas
  Crazy Yiuf (D:3)
  Terence (D:2)
  11 orc wizards
  A killer bee zombie (D:9)
  A hound zombie (D:5)
  Robin (D:2)
  A howler monkey skeleton (D:7)
  2 howler monkey zombies (D:10)
  2 gnolls (D:7)
  7 adders
  A shadow imp (D:8)
  3 white imps
  An ufetubus (D:3)
  2 worms (D:3)
  4 dart slugs
  29 orcs
  5 ball pythons
  6 bats
  6 endoplasms
  19 goblins
  8 hobgoblins
  8 kobolds
  4 quokkas
  3 frilled lizards
  5 rats
369 creatures vanquished.

Vanquished Creatures (collateral kills)
  A hydra (Lair:1)
  3 two-headed ogres
  A catoblepas (Lair:6)
  Erica (D:8)
  A death yak (Lair:5)
  Pikel (D:7)
  2 elephants (Lair:6)
  2 black mambas (Lair:6)
  3 cane toads
  A guardian serpent (Lair:6)
  Maggie (D:7)
  2 rime drakes
  A polar bear (Lair:4)
  2 hornets (Lair:6)
  6 blink frogs
  6 wyverns (Lair:6)
  9 yaks
  A steam dragon (D:7)
  A basilisk (Lair:6)
  A vampire mosquito (D:10)
  2 acid dragons (Lair:6)
  4 water moccasins (Lair:6)
  A wolf (Lair:1)
  An ogre (D:4)
  An electric eel (Lair:2)
  A centaur zombie (D:7)
  3 orc priests (Orc:2)
  An iguana (Lair:6)
  2 orc wizards
  2 gnolls (D:7)
  2 adders
  A nameless horror (Lair:1)
  A dart slug (D:1)
  6 orcs
  A bat (D:1)
  5 goblins
  2 hobgoblins
  3 kobolds
  A frilled lizard (D:2)
86 creatures vanquished.

Vanquished Creatures (others)
  An acid dragon (D:11)
  A wight (D:8)
  An orc priest (Orc:2)
  An orc (D:9)
  33 fungi
  75 plants
  6 withered plants (D:6)
118 creatures vanquished.

Grand Total: 573 creatures vanquished

Notes
Turn   | Place    | Note
-------+----------+-------------------------------------------
     0 | D:1      | Dazliare the Djinni Summoner began the quest for the Orb.
     0 | D:1      | Reached XP level 1. HP: 15/15 MP: 0/0
   259 | D:1      | Reached XP level 2. HP: 8/22 MP: 0/0
   777 | D:1      | Reached skill level 1 in Fighting
  1489 | D:1      | Reached XP level 3. HP: 24/27 MP: 0/0
  1489 | D:1      | Learned a level 1 spell: Magic Dart
  2363 | D:2      | Reached XP level 4. HP: 21/33 MP: 0/0
  2811 | D:2      | Noticed Terence
  3016 | D:2      | Killed Terence
  3017 | D:2      | Reached skill level 2 in Fighting
  3017 | D:2      | Reached XP level 5. HP: 6/38 MP: 0/0
  3017 | D:2      | Learned a level 2 spell: Searing Ray
  3318 | D:2      | Noticed Robin
  3547 | D:2      | Killed Robin
  4206 | D:3      | Found a runed translucent door.
  4207 | D:3      | Noticed Crazy Yiuf
  4324 | D:3      | Found a faded altar of an unknown god.
  4375 | D:3      | Reached XP level 6. HP: 35/45 MP: 0/0
  5121 | D:3      | Killed Crazy Yiuf
  5122 | D:3      | Reached skill level 3 in Fighting
  5122 | D:3      | Reached skill level 1 in Long Blades
  5319 | D:4      | Noticed a necrophage
  5335 | D:4      | Killed a necrophage
  5336 | D:4      | Reached skill level 5 in Spellcasting
  5336 | D:4      | Reached XP level 7. HP: 44/50 MP: 0/0
  5336 | D:4      | Learned a level 3 spell: Ozocubu's Armour
  6082 | D:4      | Identified the +4 leather armour of Daffodils {rPois rF+
                  | Int+4 SInv}
  6164 | D:4      | Noticed Menkaure
  6187 | D:4      | Killed Menkaure
  6188 | D:4      | Reached skill level 4 in Fighting
  6188 | D:4      | Reached XP level 8. HP: 57/58 MP: 0/0
  6238 | D:5      | Entered Level 5 of the Dungeon
  6596 | D:5      | Reached skill level 1 in Shields
  6736 | D:5      | Found a snail-covered altar of Cheibriados.
  7132 | D:5      | Noticed a wraith
  7150 | D:5      | Killed a wraith
  7151 | D:5      | Reached skill level 5 in Fighting
  7259 | D:5      | Found a burning altar of Makhleb.
  7259 | D:5      | Noticed a blizzard demon
  7265 | D:5      | Noticed an orange demon
  7350 | D:5      | Became a worshipper of Makhleb the Destroyer
  7420 | D:6      | Reached XP level 9. HP: 34/66 MP: 0/0
  7420 | D:6      | Learned a level 3 spell: Lesser Beckoning
  7655 | D:6      | Reached skill level 5 in Long Blades
  7873 | D:6      | Found a runed translucent door.
  7873 | D:6      | Noticed Sharkman1231's ghost (novice DsTm)
  8402 | D:6      | Found a sacrificial altar of Ru.
  8766 | D:7      | Found a staircase to the Ecumenical Temple.
  8825 | D:7      | Noticed Duvessa
  8836 | D:7      | Reached * piety under Makhleb
  8847 | D:7      | Noticed Dowan
  9059 | D:7      | Noticed Pikel
  9081 | D:7      | Reached skill level 6 in Fighting
  9083 | D:7      | Killed Pikel
  9084 | D:7      | Reached XP level 10. HP: 48/73 MP: 0/0
  9234 | D:7      | Reached skill level 7 in Fighting
  9332 | D:7      | Killed Duvessa
  9333 | D:7      | Killed Dowan
  9551 | D:7      | Found a basalt altar of Yredelemnul.
  9553 | D:7      | Noticed a profane servitor
  9648 | D:7      | Noticed Maggie
  9694 | D:6      | Reached skill level 8 in Fighting
  9947 | D:7      | Killed Maggie
 10189 | D:7      | Found a glowing golden altar of the Shining One.
 10247 | D:7      | Noticed a deep elf zephyrmancer
 10250 | D:7      | Killed a deep elf zephyrmancer
 10251 | D:7      | Reached skill level 9 in Fighting
 10587 | D:8      | Noticed Erica
 10598 | D:8      | Killed Erica
 10599 | D:8      | Reached skill level 10 in Fighting
 10599 | D:8      | Reached XP level 11. HP: 54/86 MP: 0/0
 10599 | D:8      | Learned a level 4 spell: Passage of Golubria
 10614 | D:8      | Reached ** piety under Makhleb
 11068 | D:8      | Found a shimmering altar of Xom.
 11089 | D:8      | Reached skill level 11 in Fighting
 11704 | D:9      | Noticed Psyche
 11941 | D:9      | Reached skill level 12 in Fighting
 12135 | D:9      | Found a staircase to the Lair.
 12210 | D:9      | Killed Psyche
 12447 | D:10     | Entered Level 10 of the Dungeon
 12731 | D:10     | Found an ornate altar of the Wu Jian Council.
 13247 | D:10     | Noticed a two-headed ogre
 13261 | D:10     | Killed a two-headed ogre
 13262 | D:10     | Reached skill level 13 in Fighting
 13412 | D:10     | Found a transporter.
 13414 | D:10     | Found a transporter.
 13592 | D:10     | Found a staircase to the Orcish Mines.
 13947 | D:10     | Found a transporter.
 13948 | D:10     | Found a transporter.
 14063 | D:10     | Found a transporter.
 14070 | D:10     | Found a transporter.
 14073 | D:10     | Noticed a two-headed ogre
 14086 | D:10     | Killed a two-headed ogre
 14897 | D:11     | Noticed a two-headed ogre
 14906 | D:11     | Killed a two-headed ogre
 14907 | D:11     | Reached XP level 12. HP: 94/99 MP: 0/0
 15272 | D:11     | Noticed a boulder beetle
 15527 | Lair:1   | Entered Level 1 of the Lair of Beasts
 15527 | Lair:1   | Noticed a six-headed hydra
 15527 | Lair:1   | Found the +4 skin of Zhor {*Englaciate rC+++ SInv}
 15725 | Lair:1   | Noticed a seven-headed hydra
 15730 | Lair:1   | Killed a seven-headed hydra
 16013 | Lair:1   | Reached *** piety under Makhleb
 16185 | Lair:1   | Killed a one-headed hydra
 16365 | Lair:1   | Reached skill level 5 in Dodging
 17400 | Lair:2   | Reached skill level 1 in Armour
 17823 | Lair:2   | Reached skill level 5 in Armour
 18321 | Lair:3   | Noticed a swamp dragon
 18322 | Lair:3   | Found a staircase to the Swamp.
 18322 | Lair:3   | Noticed Sonja
 18330 | Lair:3   | Noticed Sonja
 18330 | Lair:3   | Sonja changed into Sonja the raiju
 18333 | Lair:3   | Killed Sonja the raiju
 18341 | Lair:3   | Killed a swamp dragon
 18342 | Lair:3   | Reached XP level 13. HP: 68/104 MP: 0/0
 18342 | Lair:3   | Learned a level 5 spell: Borgnjor's Vile Clutch
 18999 | Lair:3   | Reached skill level 14 in Fighting
 19674 | Lair:4   | Reached **** piety under Makhleb
 19715 | Lair:4   | Found a staircase to the Snake Pit.
 19729 | Lair:4   | Noticed a catoblepas
 19750 | Lair:4   | Killed a catoblepas
 20199 | Lair:4   | Found a runed translucent door.
 20200 | Lair:4   | Noticed Aricsoirch's ghost (journeyman GrFi)
 20205 | Lair:4   | Identified the +6 trident "Kojopsis" {venom, *Noise +Blink
                  | SInv}
 20945 | Lair:5   | Reached skill level 10 in Long Blades
 21165 | Lair:6   | Entered Level 6 of the Lair of Beasts
 21320 | Lair:6   | Reached XP level 14. HP: 67/112 MP: 0/0
 21494 | Lair:6   | Reached skill level 15 in Fighting
 21901 | Lair:6   | Reached ***** piety under Makhleb
 22574 | Lair:6   | Reached skill level 1 in Invocations
 23180 | Lair:6   | Reached skill level 5 in Invocations
 23519 | Lair:6   | Identified the +5 falchion "Keopleth" {drain, Int+3}
 24782 | Orc:1    | Entered Level 1 of the Orcish Mines
 24813 | Orc:1    | Noticed Urug
 24817 | Orc:1    | Killed Urug
 24818 | Orc:1    | Reached XP level 15. HP: 120/120 MP: 0/0
 24818 | Orc:1    | Learned a level 6 spell: Death Channel
 25135 | Orc:2    | Entered Level 2 of the Orcish Mines
 25136 | Orc:2    | Noticed Jorgrun
 25146 | Orc:2    | Noticed Josephine
 25148 | Orc:2    | Killed from afar by Jorgrun

Illustrated notes

Levels and vault maps discovered:
D:1:      minmay_arrival_plants_in_alcoves, layout_basic, st_stairs_8
D:2:      layout_rooms, minmay_puff, uniq_robin, uniq_terence
D:3:      layout_loops_ring, basic_ecumenical_altar, uniq_crazy_yiuf_cottage
D:4:      layout_loops_ring, minmay_misc_feat_rugged, uniq_menkaure
D:5:      layout_loops_corners, mainiacjoe_overflow_24_doors,
          makhleb_altar_promises_db, minmay_small_thing
D:6:      layout_rooms, kiku_gazebo_garden_becter,
          mainiacjoe_overflow_tiny_flanked, nicolae_ru_great_annihilating_truth,
          ebering_ghost_reflecting_pool, fountainhead
D:7:      layout_loops_ring, grunt_temple_overflow_holy_war, temple_pool_b,
          guppyfry_early_elven_hall, uniq_pikel, uniq_duvessa, uniq_maggie
D:8:      layout_basic, mainiacjoe_overflow_cross_hatched, uniq_erica
D:9:      layout_basic, lair_entry_dummy, uniq_psyche
D:10:     layout_cave_pods, mainiacjoe_overflow_brackets, serial_nicolae_subway,
          nicolae_sub_station_stone, nicolae_sub_station_metal,
          nicolae_sub_station_crystal
D:11:     layout_loops_ring
Lair:1:   layout_hall_layers, hellmonk_guarded_unrand_zhor, grunt_megastairs_3,
          serial_bayou_shore_b
Lair:2:   layout_loops_ring, serial_bayou_shore_a
Lair:3:   layout_roguey, minmay_swamp_entry_reptiles, serial_bayou_shore_b,
          uniq_sonja
Lair:4:   layout_cave_shapes, dummy_snake_entry, ebering_ghost_funeral_grove
Lair:5:   layout_misc_corridors, minmay_slime_entry_oklob_enclosed,
          serial_bayou_shore_b
Lair:6:   hangedman_lair_tendril_chambers, layout_regular_city,
          guppyfry_lair_end_dragon
Orc:1:    layout_diamond_mine, basic_altar, uniq_urug
Orc:2:    kennysheep_orc_mage_school, layout_caves, basic_altar, uniq_josephine,
          uniq_jorgrun, uniq_erolcha

Skill      XL: |  1  2  3  4  5  6  7  8  9 10 11 12 13 14 15 |
---------------+----------------------------------------------+-----
Fighting       | 1 2 3 4 5 6 10 13 14 15 | 15.4
Spellcasting   | 4 5 6 7 8 9 |  9.0
Long Blades    | 1 3 4 7 10 11 | 11.5
Shields        | 3 |  3.0
Dodging        | 7 |  7.0
Armour         | 5 |  5.0
Invocations    | 7 8 |  8.0
Stealth        | |  1.5

Action                   |  1- 3 |  4- 6 |  7- 9 | 10-12 | 13-15 || total
-------------------------+-------+-------+-------+-------+-------++-------
Melee: Unarmed           |    17 |       |       |       |       ||    17
       Short sword       |    13 |       |       |       |       ||    13
       Punch             |     1 |       |       |       |       ||     1
       Dagger            |   102 |    18 |       |       |       ||   120
       Long sword        |       |    93 |   151 |   341 |   472 ||  1057
Throw: Stone             |       |     2 |       |       |       ||     2
 Cast: Summon Small Mamm |    10 |       |       |       |       ||    10
       Call Imp          |     8 |     5 |     4 |     1 |       ||    18
       Call Canine Famil |       |     9 |    13 |    38 |    22 ||    82
       Magic Dart        |       |     1 |     3 |     3 |     5 ||    12
       Summon Lightning  |       |       |     1 |    31 |    34 ||    66
       Summon Guardian G |       |       |       |     8 |       ||     8
       Searing Ray       |       |       |       |     1 |       ||     1
       Passage of Golubr |       |       |       |     1 |       ||     1
       Borgnjor's Vile C |       |       |       |       |     4 ||     4
       Death Channel     |       |       |       |       |     1 ||     1
Evoke: Wand              |       |       |       |    10 |     6 ||    16
  Use: Scroll            |       |       |     3 |    14 |     8 ||    25
       Potion            |       |       |       |     1 |     4 ||     5
 Stab: Sleeping          |     5 |     5 |     3 |     2 |     2 ||    17
       Distracted        |       |       |     1 |     4 |     7 ||    12
       Paralysed         |       |       |     1 |     2 |       ||     3
       Petrified         |       |       |       |       |     2 ||     2
Armor: Robe              |    51 |     8 |       |       |       ||    59
       Animal skin       |       |    25 |    53 |    16 |   122 ||   216
       Steam dragon scal |       |       |       |   101 |       ||   101
Dodge: Dodged            |   101 |    64 |    81 |   218 |   253 ||   717
Block: Buckler           |       |    11 |    25 |   193 |   179 ||   408
       Reflection        |       |       |       |     6 |     5 ||    11
